 Dungeon Crawl Stone Soup version 0.29-a0-397-g846e4a0bbc (webtiles) character file.

Game seed: 14176627082667561834

56 HendSelp the Shield-Bearer (level 4, -2/37 HPs)
             Began as a Formicid Fighter on May 11, 2022.
             Slain by a kobold brigand
             ... wielding a +0 short sword of speed
              (4 damage)
             ... in a sewer.
             The game lasted 00:02:12 (1434 turns).

HendSelp the Shield-Bearer (Formicid Fighter)       Turns: 1434, Time: 00:02:12

Health: -2/37      AC:  7    Str: 23    XL:     4   Next: 17%
Magic:  4/4        EV:  9    Int:  7    God:
Gold:   158        SH:  4    Dex: 10    Spells: 3/3 levels left

rFire   + . .      SeeInvis +   a - +0 trident
rCold   . . .      Faith    .   c - +0 buckler
rNeg    . . .      Spirit   .   b - +0 scale mail
rPois   +          Reflect  .   (helmet unavailable)
rElec   +          Harm     .   (no cloak)
rCorr   .          Rampage  .   (no gloves)
Will    +....                   (no boots)
Stlth   ..........              d - amulet of Wumang {rElec rPois Will+ Regen+}
HPRegen 0.92/turn               g - ring of protection from fire
MPRegen 0.09/turn               (no ring)

@: very slow
A: permanent stasis, dig shafts and tunnels, antennae 3, four strong arms
a: Dig


You were in a sewer.
You visited 1 branch of the dungeon, and saw 3 of its levels.
You also visited: Sewer.

You collected 158 gold pieces.

Inventory:

Hand Weapons
 a - a +0 trident (weapon)
Armour
 b - a +0 scale mail (worn)
 c - a +0 buckler (worn)
Jewellery
 d - the amulet of Wumang (around neck) {rElec rPois Will+ Regen+}
   (You acquired it on level 3 of the Dungeon)

   [amulet of regeneration]

   rElec:     It insulates you from electricity.
   rPois:     It protects you from poison.
   Regen:     It increases your rate of health regeneration.
   Will:      It increases your willpower.
 g - a ring of protection from fire (left hand)
Scrolls
 f - a scroll of silence


   Skills:
 + Level 3.8 Fighting
 + Level 2.8 Polearms
 + Level 3.8 Armour
 + Level 4.1 Shields


You had 3 spell levels left.
You didn't know any spells.
Your spell library contained the following spells:

 Spells                   Type           Power      Damage    Failure   Level
 Lesser Beckoning         Tloc           0%         N/A       99%         3
 Manifold Assault         Tloc           0%         N/A       100%        5
 Blink                    Tloc           Unusable   N/A       N/A         2

Dungeon Overview and Level Annotations

Branches:
Dungeon (3/15)              Sewer (1/1)

Altars:


Innate Abilities, Weirdness & Mutations

You cannot be hasted, slowed, berserked, paralysed or teleported.
You can dig through walls and to a lower floor.
You have a pair of large antennae on your head. (SInv)
Your four strong arms can wield two-handed weapons with a shield.


Message History

* * * LOW HITPOINT WARNING * * *
You hit the kobold brigand.
The kobold brigand is almost dead.
The kobold brigand hits you but does no damage.
The kobold brigand hits you with a +0 short sword of speed.
* * * LOW HITPOINT WARNING * * *
Unknown command.
You barely miss the kobold brigand.
The kobold brigand is almost dead.
The kobold brigand splashes around in the water.
Unknown command.
Your unstable footing causes you to fumble your attack.
The kobold brigand hits you with a +0 short sword of speed!
* * * LOW HITPOINT WARNING * * *
The kobold brigand splashes around in the water.
Unknown command.
Unknown command.
Unknown command.
Unknown command.
Unknown command.
Unknown command.
Your unstable footing causes you to fumble your attack.
The kobold brigand hits you with a +0 short sword of speed.
* * * LOW HITPOINT WARNING * * *
Unknown command.
Unknown command.
Unknown command.
Unknown command.
Unknown command.
Unknown command.
Unknown command.
Unknown command.
Unknown command.
Unknown command.
Unknown command.
Unknown command.
Unknown command.
Your unstable footing causes you to fumble your attack.
The kobold brigand hits you with a +0 short sword of speed.
You die...

#...≈.≈.# #..≈≈≈≈.#
#≈≈≈≈≈≈.# #.≈≈≈≈†K#
#≈≈≈≈≈≈K# #.≈≈≈≈≈K#
#..≈≈≈.≈#
#..≈≈≈.K####################
#≈.≈≈≈≈KKKK@≈≈≈≈≈≈≈≈≈≈≈≈≈≈≈.
#..≈≈≈..####################
##≈≈≈≈≈## #.≈≈≈.# ###.≈≈≈≈#
#∩..≈≈≈.# ###.≈≈≈.# #.≈≈≈.#
##≈≈≈##


You could see 2 kobold brigands and 3 kobolds.

Vanquished Creatures
  A river rat (Sewer)
  2 worms (D:3)
  An orc (D:3)
  4 giant cockroaches
  2 goblins (D:1)
  6 hobgoblins
  2 jackals (Sewer)
  A quokka (D:1)
  4 ball pythons
  2 bats (D:1)
  3 frilled lizards
  4 kobolds
  7 rats
39 creatures vanquished.

Vanquished Creatures (others)
  4 fungi (D:2)
  11 plants
15 creatures vanquished.

Grand Total: 54 creatures vanquished

Notes
Turn   | Place    | Note
-------+----------+-------------------------------------------
     0 | D:1      | HendSelp the Formicid Fighter began the quest for the Orb.
     0 | D:1      | Reached XP level 1. HP: 18/18 MP: 1/1
   289 | D:1      | Reached XP level 2. HP: 15/24 MP: 2/2
   554 | D:1      | Reached skill level 4 in Shields
   664 | D:1      | Reached XP level 3. HP: 27/29 MP: 3/3
   903 | D:2      | You fall into a shaft and drop 1 floor!
  1149 | D:3      | Identified a scroll of acquirement
  1149 | D:3      | Acquired the amulet of Wumang {rElec rPois Will+ Regen+}
  1274 | D:3      | Found a glowing drain.
  1298 | Sewer    | Entered a sewer
  1309 | Sewer    | Reached XP level 4. HP: 23/37 MP: 4/4
  1374 | Sewer    | Noticed a kobold brigand
  1374 | Sewer    | Noticed a kobold brigand
  1433 | Sewer    | HP: 1/37 [kobold brigand/+0 short sword of speed (4)]
  1434 | Sewer    | Slain by a kobold brigand

Illustrated notes

Levels and vault maps discovered:
D:1:      onia_arrival_mini_spirals, layout_rooms
D:2:      layout_basic, dreamdust_ecumenical_altar_grove, basic_altar,
          minmay_tromino_v4_b
D:3:      layout_basic, nemelex_diamond_rough_becter, serial_bayou,
          serial_bayou_pond_c, serial_bayou_pond_d, serial_bayou_pond_e,
          serial_bayou_ford_a, cheibrodos_sewer_entry_sluice
Sewer:    sewer_kobolds

Skill      XL: |  1  2 |
---------------+-------+-----
Shields        | 4 |  4.1
Fighting       | |  3.8
Polearms       | |  2.8
Armour         | |  3.8

Action                   |  1- 3 |  4- 6 || total
-------------------------+-------+-------++-------
Melee: Trident           |   118 |    57 ||   175
  Use: Potion            |     1 |     1 ||     2
       Scroll            |     6 |       ||     6
Armor: Scale mail        |    49 |    33 ||    82
Dodge: Dodged            |    46 |    44 ||    90
Block: Buckler           |    21 |    19 ||    40

Table legend: (Time is in decaauts)
 A = Elapsed time spent in this place.
 B = Non-inter-level travel time spent in this place.
 C = Inter-level travel time spent in this place.
 D = Time resting spent in this place.
 E = Time spent auto-exploring this place.
 F = Levels seen in this place.
 G = Mean time per level.
                   A        B        C        D        E       F      G
               +--------+--------+--------+--------+--------+-----+--------+
         Total |   1491 |   1445 |     46 |    171 |    841 |   4 |  372.8 |
       Dungeon |   1321 |   1275 |     46 |    164 |    781 |   3 |  440.3 |
         Sewer |    169 |    169 |      0 |      7 |     60 |   1 |  169.0 |
               +--------+--------+--------+--------+--------+-----+--------+

Top non-repeatable levels by time:
     D:1: 875 daAuts
     D:3: 403 daAuts
   Sewer: 169 daAuts
     D:2: 42 daAuts
